Map: Lerilak Crest

Players

Khyira - Winner!

  • Race: Terran Terran
  • League: Grandmaster

Drop

  • Race: Zerg Zerg
  • League: Master

VOD

Have the link to the VOD?

Description

Time

  • Played on: Dec. 8, 2015, 2:16 p.m.
  • Length: 11:56
Show
View Real Time Build Order
Export as new Build Order

Khyira Terran - Winner!

Build Orders: Command Center First (CC) 

Get SALT Encoding   

  12  0:01  SCV  
  13  0:13  SCV  
  14  0:18  Supply Depot  
  14  0:25  SCV  
  15  0:39  SCV  
  16  0:51  SCV  
  17  1:00  Command Center  
  17  1:05  SCV  
  18  1:14  Barracks  
  18  1:18  SCV  
  19  1:23  Refinery  
  19  1:30  SCV  
  20  1:42  SCV  
  22  1:54  SCV  
  22  2:02  Marine  
  22  2:06  Orbital Command  
  23  2:13  Orbital Command  
  23  2:20  Marine  
  24  2:30  Factory  
  24  2:33  SCV  
  24  2:45  Marine  
  24  2:47  Supply Depot  
  24  2:49  SCV  
  24  3:04  Marine  
  24  3:12  SCV  
  24  3:18  SCV  
  27  3:24  SCV  
  28  3:30  SCV  
  28  3:32  Marine  
  30  3:37  SCV  
  30  3:40  Factory Tech Lab  
  29  3:42  SCV  
  29  3:45  Refinery  
  30  3:51  SCV  
  30  3:52  Command Center  
  30  3:53  Marine  
  32  3:56  SCV  
  32  3:59  Siege Tank  
  36  4:03  SCV  
  38  4:10  Marine  
  38  4:20  SCV, Orbital Command  
  38  4:24  Barracks  
  39  4:25  Barracks  
  39  4:28  Marine  
  40  4:31  Siege Tank  
  40  4:32  SCV  
  44  4:43  Supply Depot, Bunker  
  44  4:44  SCV  
  45  4:47  SCV  
  46  4:57  Barracks Reactor  
  46  5:03  SCV x2  
  46  5:05  Supply Depot  
  48  5:08  Orbital Command  
  48  5:15  SCV x2  
  48  5:18  Supply Depot  
  50  5:22  Barracks Tech Lab x2  
  50  5:23  Refinery  
  50  5:27  SCV  
  50  5:28  SCV  
  52  5:29  Supply Depot  
  52  5:30  Starport  
  52  5:34  Marine  
  52  5:35  Siege Tank, Marine  
  57  5:36  SCV  
  57  5:39  SCV  
  57  5:40  SCV  
  57  5:41  Supply Depot  
  60  5:43  Marine  
  49  6:00  Marine x2  
  41  6:06  SCV  
  41  6:07  Siege Tank  
  41  6:08  Medivac  
  40  6:12  SCV  
  40  6:22  Marine x2  
  40  6:24  SCV  
  37  6:37  Supply Depot  
  34  6:40  SCV  
  34  6:44  SCV x2  
  35  6:47  Marine x2  
  35  6:51  Marine  
  38  7:00  Supply Depot  
  32  7:01  Supply Depot  
  32  7:04  SCV  
  32  7:12  SCV x2  
  31  7:18  Bunker  
  31  7:20  Liberator  
  30  7:24  Marine  
  30  7:27  Marine  
  30  7:28  Marine  
  33  7:31  SCV  
  34  7:40  SCV  
  34  7:41  SCV  
  34  7:43  SCV  
  39  7:54  Marine x3  
  39  7:56  SCV  
  39  7:59  Marine  
  40  8:07  Siege Tank  
  40  8:08  Orbital Command  
  40  8:09  SCV  
  40  8:10  SCV  
  40  8:11  Marine  
  46  8:20  Stimpack  
  46  8:21  Combat Shields, SCV  
  46  8:25  Marauder  
  49  8:31  Marine  
  49  8:32  Marine  
  49  8:33  Marine  
  53  8:34  SCV x3  
  53  8:39  Supply Depot  
  55  8:45  Starport Reactor  
  55  8:46  SCV, Marine  
  55  8:47  SCV x2  
  59  8:58  SCV  
  59  8:59  SCV x2, Marauder, Marine x2  
  66  9:04  Marine  
  66  9:08  Refinery  
  67  9:10  SCV  
  67  9:11  SCV x2  
  67  9:12  Siege Tank  
  73  9:22  SCV  
  73  9:23  SCV  
  74  9:26  Marine x4  
  75  9:36  SCV x3  
  75  9:38  Medivac x2  
  82  9:43  Marine  
  82  9:44  Marine x2  
  84  9:47  Siege Tank  
  82  9:54  Bunker x2, Marine  
  82  9:57  SCV x3  
  86  10:01  Marine  
  87  10:07  Supply Depot  
  87  10:08  Supply Depot  
  87  10:11  Engineering Bay x2  
  87  10:19  Marauder x2, Marine  
  92  10:22  SCV  
  92  10:23  SCV x2  
  92  10:28  Siege Tank  
  98  10:30  Supply Depot  
  95  10:42  Marauder  
  89  10:51  Marauder, Marine  
  89  10:53  Marine  
  90  11:00  SCV, Siege Tank  
  90  11:01  SCV  
  90  11:03  Marine  
  95  11:07  Medivac x2  
  95  11:08  Marine  
  95  11:11  Marine  
  100  11:12  Marauder  
  100  11:15  SCV x2  
  100  11:16  SCV  
  106  11:20  Marine  
  106  11:24  Refinery  
  107  11:26  Refinery, Marine  
  107  11:27  Armory, SCV  
  107  11:29  Marine  
  107  11:31  Supply Depot  
  107  11:32  Supply Depot  
  110  11:33  Marine  
  109  11:51  Missile Turret  
  109  11:53  Missile Turret  
  113  11:55  Missile Turret  
Show
View Real Time Build Order
Export as new Build Order

Drop Zerg 

Build Orders: Pool First 

Get SALT Encoding   

  12  0:01  Drone  
  13  0:08  Drone  
  13  0:13  Extractor  
  13  0:28  Spawning Pool  
  13  0:32  Drone  
  13  0:36  Drone  
  14  0:44  Extractor  
  14  0:45  Drone  
  15  0:53  Overlord  
  15  1:14  Metabolic Boost  
  15  1:17  Queen  
  17  1:20  Zergling x2  
  17  1:25  Zergling x2  
  19  1:27  Zergling x2  
  20  1:34  Zergling x2  
  21  1:42  Overlord  
  21  2:03  Hatchery  
  21  2:08  Zergling x4  
  22  2:18  Zergling x2  
  23  2:30  Drone x2  
  23  2:33  Overlord  
  24  2:46  Zergling x2  
  24  3:07  Drone x3  
  25  3:15  Drone x2, Queen  
  25  3:17  Drone  
  29  3:27  Drone x2  
  31  3:41  Drone x3  
  31  3:42  Drone  
  31  3:46  Extractor  
  31  3:47  Roach Warren, Overlord  
  33  3:53  Overlord  
  33  4:00  Drone  
  34  4:10  Drone x5  
  39  4:28  Roach x5  
  49  4:34  Roach  
  49  4:35  Roach  
  49  4:36  Roach  
  55  4:40  Roach  
  55  4:43  Overlord  
  56  4:49  Overlord  
  55  4:58  Roach x2  
  59  5:08  Ravager x3  
  59  5:11  Ravager  
  59  5:12  Zergling x10  
  59  5:13  Zergling x4  
  70  5:17  Zergling x2  
  71  5:24  Ravager  
  71  5:25  Overlord  
  73  5:28  Zergling x6  
  73  5:29  Zergling x2  
  76  5:38  Overlord  
  72  5:56  Zergling x6  
  72  5:57  Zergling x4  
  61  6:05  Zergling x6  
  58  6:23  Zergling x2  
  58  6:24  Zergling x8  
  55  6:33  Zergling x2  
  55  6:34  Zergling x2  
  52  6:50  Zergling x2  
  52  6:51  Zergling x12  
  53  7:08  Zergling x4  
  49  7:09  Zergling x8  
  49  7:13  Zergling x2  
  54  7:21  Hatchery  
  49  7:23  Drone x2  
  49  7:27  Lair  
  51  7:33  Drone  
  51  7:34  Drone x2  
  51  7:35  Drone  
  46  7:54  Roach  
  46  7:55  Roach x6  
  55  7:59  Roach  
  57  8:09  Queen  
  57  8:10  Roach  
  57  8:11  Roach x4  
  69  8:25  Glial Reconstitution, Roach x2  
  73  8:31  Roach x2  
  73  8:32  Roach x2  
  73  8:33  Queen  
  83  8:38  Extractor  
  82  8:42  Ravager x5  
  87  8:53  Zergling x2  
  87  8:54  Zergling x12  
  92  9:03  Spore Crawler  
  91  9:16  Hatchery, Spore Crawler  
  87  9:20  Ravager x2  
  87  9:21  Ravager  
  82  9:31  Queen  
  74  9:39  Drone x11  
  83  9:54  Drone x3  
  84  10:19  Roach  
  84  10:20  Roach x3  
  72  10:45  Zergling x18  
  69  10:59  Zergling x2  
  69  11:00  Zergling x10  
  57  11:24  Ravager x2  
  58  11:31  Roach  
  58  11:32  Roach  
  52  11:34  Roach x5  
Tags
 
Add a new tag
Caveats
  • Supply blocks, unpowered buildings, or Contaminate may cause inaccurate times.
  • Supply counts are checked every 10 seconds.